 Dungeon Crawl Stone Soup version 0.27-a0-633-gc6addc0a40 (webtiles) character file.

Game seed: 15160269117670177494

422 jasper the Stinger (level 6, -1/28 HPs)
             Began as a Spriggan Venom Mage on Mar 13, 2021.
             Slain by a centaur skeleton (8 damage)
             ... on level 4 of the Dungeon.
             The game lasted 00:05:26 (3738 turns).

jasper the Stinger (Spriggan Venom Mage)            Turns: 3738, Time: 00:05:27

Health: -1/28      AC:  3    Str:  4    XL:     6   Next: 63%
Magic:  2/13       EV: 17    Int: 24    God:
Gold:   210        SH:  0    Dex: 16    Spells: 1/13 levels left

rFire    . . .     SeeInvis +   o - +1 club
rCold    . . .     Faith    .   (shield restricted)
rNeg     . . .     Spirit   .   a - +1 robe
rPois    .         Reflect  .   (helmet restricted)
rElec    .         Harm     .   (no cloak)
rCorr    .         Rampage  .   (gloves unavailable)
Will     +....                  (boots unavailable)
Stlth    ++........             k - amulet of magic regeneration
HPRegen  0.09/turn              h - +6 ring of intelligence
MPRegen  0.38/turn              (no ring)

@: very quick
A: very small, no large weapons, unfitting armour, see invisible, speed 3
a: no special abilities


You were on level 4 of the Dungeon.
You visited 1 branch of the dungeon, and saw 4 of its levels.

You collected 210 gold pieces.

Inventory:

Hand Weapons
 o - a +1 club (weapon)
Missiles
 d - 64 arrows
 g - a throwing net
 j - 63 bolts
 w - 6 atropa-tipped darts
Armour
 a - a +1 robe (worn)
 i - a +0 robe
Jewellery
 h - a +6 ring of intelligence (right hand)
 k - an amulet of magic regeneration (around neck)
 y - a ring of fire
Wands
 v - a wand of acid (13)
Scrolls
 c - a scroll of blinking
 f - a scroll of immolation
 n - a scroll of random uselessness
 q - a scroll of fog
Potions
 b - a potion of invisibility
 e - 4 potions of curing
 l - a potion of haste {unknown}
 m - 3 potions of lignification {unknown}
 p - 2 potions of heal wounds {unknown}
 t - a potion of attraction {unknown}
 u - a potion of brilliance {unknown}


   Skills:
 - Level 2.6 Dodging
 - Level 3.0 Stealth
 - Level 4.1 Spellcasting
 + Level 1.5 Conjurations
 - Level 4.5 Transmutations
 + Level 1.8 Air Magic
 + Level 5.1 Poison Magic


You had one spell level left.
You knew the following spells:

 Your Spells              Type           Power      Damage    Failure   Level
a - Sting                 Tmut/Pois      100%       1d8       1%          1
b - Mephitic Cloud        Conj/Pois/Air  18%        N/A       9%          3
c - Ignite Poison         Fire/Tmut/Pois 20%        N/A       8%          3
d - Olgreb's Toxic Radia  Pois           29%        N/A       12%         4
e - Apportation           Tloc           8%         N/A       10%         1

Your spell library contained the following spells:

 Spells                   Type           Power      Damage    Failure   Level
 Animate Skeleton         Necr           8%         N/A       10%         1
 Corona                   Hex            4%         N/A       10%         1
 Summon Small Mammal      Summ           16%        N/A       10%         1
 Poisonous Vapours        Pois/Air       42%        N/A       3%          2


Dungeon Overview and Level Annotations

Branches:
Dungeon (4/15)
 Temple: D:4-7

Altars:
Gozag


Innate Abilities, Weirdness & Mutations

You are very small and have problems with some larger weapons.
You are too small for most types of armour.
You have supernaturally acute eyesight. (SInv)
You cover ground extremely quickly. (Speed+++)


Message History

The hound is poisoned.
The worker ant is poisoned.
The quokka looks even sicker.
The scorpion is poisoned.
The ogre is poisoned.
The worker ant looks even sicker.
The ogre looks even sicker.
You kill the ogre!
The centaur skeleton completely misses you.
The scorpion stings you! The quokka barely misses you. The hound bites you.
* * * LOW HITPOINT WARNING * * *
The quokka closely misses you.
Your Conjurations skill increases to level 1!
Your Air Magic skill increases to level 1!
You have reached level 6!
Your experience leads to an increase in your attributes!
Your base attributes are Str 4, Int 17, Dex 16.
Increase (S)trength, (I)ntelligence, or (D)exterity?
You feel clever.
You take 8 damage, and have 7/28 hp.
MASSIVE DAMAGE!!
You now have 4/13 mp.
Casting: Olgreb's Toxic Radiance (extremely dangerous; 13% risk of failure)
Confirm with . or Enter, or press ? or * to list all spells.
Okay, then.
Casting: Olgreb's Toxic Radiance (extremely dangerous; 13% risk of failure)
Confirm with . or Enter, or press ? or * to list all spells.
The spell is quite dangerous to cast (9% risk of failure)!
Continue anyway?
You ignite the poison in your surroundings!
The quokka seems to burn from within!!
You kill the quokka!
The hound seems to burn from within!
You kill the hound!
The scorpion seems to burn from within!
You kill the scorpion!
The quokka seems to burn from within!
You kill the quokka!
The worker ant seems to burn from within!!!
You kill the worker ant!
Your toxic aura wanes.
The centaur skeleton completely misses you.
Your Poison Magic skill increases to level 5!
You now have 1/13 mp.
Unknown command.
The centaur skeleton hits you!
You die...

#######
#....))# #
.....
#.###..#
#.#.. ..>#
##$... #...
.?...##
#####
#....#
#....#
#..Z.#
#..>@#
#.#††# #)..
.....
.......
........#
[.....(..#
#.........#


You could see a centaur skeleton.

Vanquished Creatures
  An ogre (D:4)
  A scorpion (D:4)
  A howler monkey (D:3)
  A hound (D:4)
  3 worker ants
  An orc wizard (D:4)
  A hound skeleton (D:4)
  2 adders (D:2)
  2 oozes
  2 worms (D:2)
  A dart slug (D:1)
  2 leopard geckos
  5 orcs
  2 ball pythons
  12 goblins
  9 hobgoblins
  6 jackals
  11 kobolds
  2 quokkas (D:4)
  7 bats
  A quokka skeleton (D:4)
  10 rats
83 creatures vanquished.

Notes
Turn   | Place    | Note
-------+----------+-------------------------------------------
     0 | D:1      | jasper the Spriggan Venom Mage began the quest for the Orb.
     0 | D:1      | Reached XP level 1. HP: 9/9 MP: 5/5
   318 | D:1      | Reached XP level 2. HP: 13/13 MP: 4/7
  1348 | D:2      | Reached XP level 3. HP: 16/16 MP: 1/8
  1352 | D:2      | Learned a level 3 spell: Mephitic Cloud
  1716 | D:2      | Found an opulent altar of Gozag.
  1881 | D:2      | Reached XP level 4. HP: 15/21 MP: 1/10
  1885 | D:2      | Learned a level 3 spell: Ignite Poison
  2386 | D:3      | Learned a level 4 spell: Olgreb's Toxic Radiance
  2412 | D:3      | Reached skill level 4 in Poison Magic
  2497 | D:3      | Reached XP level 5. HP: 12/24 MP: 8/12
  2662 | D:3      | Learned a level 1 spell: Apportation
  3728 | D:4      | Noticed an ogre
  3736 | D:4      | Killed an ogre
  3737 | D:4      | Reached skill level 1 in Conjurations
  3737 | D:4      | Reached skill level 1 in Air Magic
  3737 | D:4      | Reached XP level 6. HP: 7/28 MP: 4/13
  3738 | D:4      | Reached skill level 5 in Poison Magic
  3738 | D:4      | Slain by a centaur skeleton

Illustrated notes

Levels and vault maps discovered:
D:1:      beargit_arrival_greenhouse, layout_basic, minmay_split_cup_small
D:2:      wander_river, layout_basic, nicolae_gozag_seed_capital,
          chequers_serial_rivers_micro_a
D:3:      layout_loops_ring
D:4:      layout_basic, nicolae_uskayaw_dance_studio,
          minmay_temple_entry_slanted

Skill      XL: |  1  2  3  4  5  6 |
---------------+-------------------+-----
Spellcasting   | 3 4 |  4.1
Transmutations | 2 3 4 |  4.5
Poison Magic   | 4 5 |  5.1
Conjurations   | 1 |  1.5
Air Magic      | 1 |  1.8
Dodging        | |  2.6
Stealth        | |  3.0

Action                   |  1- 3 |  4- 6 || total
-------------------------+-------+-------++-------
Melee: Unarmed           |     5 |       ||     5
       Club              |       |    19 ||    19
 Cast: Sting             |    89 |    80 ||   169
       Ignite Poison     |       |     2 ||     2
       Mephitic Cloud    |       |     1 ||     1
       Olgreb's Toxic Ra |       |     1 ||     1
  Use: Scroll            |       |     9 ||     9
 Stab: Sleeping          |       |     1 ||     1
Armor: Robe              |     5 |     5 ||    10
Dodge: Dodged            |    44 |    60 ||   104

Table legend: (Time is in decaauts)
 A = Elapsed time spent in this place.
 B = Non-inter-level travel time spent in this place.
 C = Inter-level travel time spent in this place.
 D = Time resting spent in this place.
 E = Time spent auto-exploring this place.
 F = Levels seen in this place.
 G = Mean time per level.
                   A        B        C        D        E       F      G
               +--------+--------+--------+--------+--------+-----+--------+
         Total |   2888 |   2791 |     97 |    223 |   2108 |   4 |  722.0 |
       Dungeon |   2888 |   2791 |     97 |    223 |   2108 |   4 |  722.0 |
               +--------+--------+--------+--------+--------+-----+--------+

Top non-repeatable levels by time:
     D:1: 998 daAuts
     D:3: 907 daAuts
     D:2: 799 daAuts
     D:4: 182 daAuts
